 Dungeon Crawl Stone Soup version 0.21-a0-426-g98080a9 (webtiles) character file.

6750 esteth the Thaumaturge (level 11, 0/121 HPs)
             Began as a Gnoll Wizard on Nov 2, 2017.
             Was a Believer of Vehumet.
             Succumbed to a centaur's poison
             ... on level 9 of the Dungeon on Nov 5, 2017.
             The game lasted 00:47:10 (12551 turns).

esteth the Thaumaturge (Gnoll Wizard)              Turns: 12551, Time: 00:47:10

Health: 0/121      AC: 25    Str:  9    XL:     11   Next: 4%
Magic:  22/24      EV:  2    Int: 27    God:    Vehumet [**....]
Gold:   187        SH:  0    Dex: 18    Spells: 15/28 levels left

rFire    . . .     SeeInvis .   J - +2 mace (holy)
rCold    + . .     Gourm    .   (no shield)
rNeg     + + +     Faith    .   (armour currently unavailable)
rPois    +         Spirit   .   (helmet currently unavailable)
rElec    .         Reflect  .   (cloak currently unavailable)
rCorr    .         Harm     .   (gloves currently unavailable)
MR       +....     NoTele   +   (boots currently unavailable)
Stlth    +++++.....             (no amulet)
HPRegen  0.30/turn              F - +5 ring of evasion
MPRegen  0.19/turn              i - ring of Nirghet {rC+ rN+ MR+ Int+2}

@: agile, lethally poisoned (0 -> -8), tree-form, hasted, very quick
A: distributed training, strong nose
a: Renounce Religion


You were on level 9 of the Dungeon.
You worshipped Vehumet.
Vehumet was pleased with you.
You were very hungry.
You were a tree.
You visited 2 branches of the dungeon, and saw 10 of its levels.

You collected 405 gold pieces.
You spent 218 gold pieces at shops.

Inventory:

Hand Weapons
 J - a +2 mace of holy wrath (weapon)
Armour
 g - the +1 leather armour of Ingammad (melded) {Int+2}
   (You bought it in a shop on level 9 of the Dungeon)

   It affects your intelligence (+2).
 r - a +0 leather armour
 t - a +0 helmet (melded)
 C - a +0 pair of gloves (melded)
 R - a +1 cloak (melded)
Jewellery
 i - the ring of Nirghet (right branch) {rC+ rN+ MR+ Int+2}
   (You found it on level 8 of the Dungeon)

   [ring of intelligence]

   It affects your intelligence (+2).
   It protects you from cold.
   It protects you from negative energy.
   It affects your resistance to hostile enchantments.
 s - an uncursed ring of protection from magic
 x - an uncursed ring of protection from fire
 F - a +5 ring of evasion (left branch)
 G - an uncursed ring of see invisible
 H - an uncursed ring of protection from magic
 P - an uncursed amulet of faith
Wands
 a - a wand of paralysis (8/24)
 b - a wand of digging (11/24)
 j - a wand of flame (31/48)
 D - a wand of iceblast (5/15)
 L - a wand of flame (15/48)
 M - a wand of flame (23/48)
 Q - a wand of lightning (4/15)
Scrolls
 e - 2 scrolls of noise
 k - a scroll of remove curse {unknown}
 l - 4 scrolls of identify
 m - 2 scrolls of teleportation {unknown}
 o - a scroll of fear {unknown}
 p - 4 scrolls of amnesia {unknown}
 u - a scroll of random uselessness {unknown}
 y - a scroll of blinking {unknown}
 B - a scroll of enchant weapon {unknown}
 N - 2 scrolls of vulnerability {unknown}
 O - a scroll of acquirement {unknown}
 T - a scroll of magic mapping {unknown}
Potions
 q - 4 potions of flight
 v - 2 potions of brilliance
Books
 c - a book of Minor Magic

   Spells                             Type                      Level
   a - Magic Dart                     Conjuration                  1
   b - Blink                          Translocation                2
   c - Call Imp                       Summoning                    2
   d - Slow                           Hexes                        2
   e - Conjure Flame                  Conjuration/Fire             3
   f - Mephitic Cloud                 Conjuration/Poison/Air       3
 K - a Young Poisoner's Handbook

   Spells                             Type                      Level
   a - Sting                          Conjuration/Poison           1
   b - Poisonous Vapours              Poison/Air                   2
   c - Mephitic Cloud                 Conjuration/Poison/Air       3
   d - Olgreb's Toxic Radiance        Poison                       4
   e - Venom Bolt                     Conjuration/Poison           5
 S - a book of Transfigurations

   Spells                             Type                      Level
   a - Irradiate                      Conjuration/Transmutation    5
   b - Statue Form                    Transmutation/Earth          6
   c - Hydra Form                     Transmutation                6
   d - Dragon Form                    Transmutation                7
Comestibles
 d - 8 bread rations
 f - 7 royal jellies
 n - 4 meat rations
 z - 12 fruits


   Skills:
 + Level 5.7 Fighting
 + Level 5.7 Short Blades
 + Level 5.7 Long Blades
 + Level 5.7 Axes
 + Level 5.7 Maces & Flails
 + Level 5.7 Polearms
 + Level 5.7 Staves
 + Level 5.7 Slings
 + Level 5.7 Bows
 + Level 5.7 Crossbows
 + Level 5.7 Throwing
 + Level 5.7 Armour
 + Level 7.4 Dodging
 + Level 7.2 Stealth
 + Level 5.7 Shields
 + Level 5.7 Unarmed Combat
 + Level 9.2 Spellcasting
 + Level 5.3 Conjurations
 + Level 4.7 Hexes
 + Level 4.7 Charms
 + Level 5.3 Summonings
 + Level 4.7 Necromancy
 + Level 5.3 Translocations
 + Level 4.7 Transmutations
 + Level 4.7 Fire Magic
 + Level 4.7 Ice Magic
 + Level 4.7 Air Magic
 + Level 4.7 Earth Magic
 + Level 4.7 Poison Magic
 + Level 6.3 Invocations
 + Level 5.7 Evocations


You had 15 spell levels left.
You knew the following spells:

 Your Spells              Type           Power        Failure   Level  Hunger
a - Magic Dart            Conj           ####         1%          1    None
b - Conjure Flame         Conj/Fire      #####...     1%          3    None
c - Mephitic Cloud        Conj/Pois/Air  #####...     1%          3    None
d - Call Imp              Summ           #####...     1%          2    None
e - Blink                 Tloc           N/A          1%          2    None
f - Poisonous Vapours     Pois/Air       #####.       1%          2    None


Dungeon Overview and Level Annotations

Branches:
Dungeon (9/15)             Temple (1/1) D:6            Lair (0/6) D:8
    Orc (0/2) D:9

Altars:
Ashenzari
Cheibriados
Dithmenos
Elyvilon
Fedhas
Gozag
Hepliaklqana
Makhleb
Okawaru
Qazlal
Ru
Sif Muna
Trog
Uskayaw
Vehumet
Wu Jian
Xom
Zin
The Shining One

Shops:
D:9 [

Annotations:
D:5 exclusion: 2 downstairs
D:8 exclusion: downstairs
D:9 tof's ghost, novice MiBe


Innate Abilities, Weirdness & Mutations

Your experience applies equally to all skills.
((You have very sharp teeth.))
Your uncanny sense of smell can sniff out nearby items.


Message History

You feel agile all of a sudden.
* * * LOW HITPOINT WARNING * * *
You feel sick.
The centaur hits you with a spear of venom.
* * * LOW HITPOINT WARNING * * *
The centaur completely misses you.
It was a potion of magic.
Magic courses through your body.
* * * LOW HITPOINT WARNING * * *
You feel sick. The centaur closely misses you.
Casting: Poisonous Vapours
Confirm with . or Enter, or press ? or * to list all spells.
You blink.
* * * LOW HITPOINT WARNING * * *
You feel sick.
You turn into a tree.
Your +1 cloak melds into your body.
Your +0 helmet melds into your body.
Your +0 pair of gloves melds into your body.
The +1 leather armour of Ingammad {Int+2} melds into your body.
Your roots penetrate the ground.
You die...

#.....# #.....#....#####....<..
......# #.....###''#..........(
......#####.....[................
#####...........)[..$.....<......
....#.........##'##'########.....
....#.........#....c§......#.....
....#.........#...†........#.....
#####..............).......#.....
................♣..........#.....
.............')._..).....###.....
.............#...........#.......
.............#.....#'#####.#'###.
####.......................#.5.#.
...'.......................#.5.#.
...#........##'###########5#...#.
...#........#............5.#...#.
...#........#............#.#...#.


You could see a centaur.

Vanquished Creatures
  2 two-headed ogres
  An unseen horror (D:9)
  A manticore (D:9)
  An ugly thing (D:9)
  Maurice (D:8)
  Prince Ribbit (D:8)
  A wyvern (D:8)
  A water moccasin (D:9)
  3 porcupines (D:8)
  2 black bears (D:8)
  A sky beast (D:9)
  A hornet zombie (D:9)
  2 orc warriors
  A necrophage (D:7)
  An ice beast (D:8)
  A centaur (D:8)
  2 ogres
  A big kobold (D:8)
  Blork the orc (D:4)
  2 bullfrogs
  2 gnoll sergeants (D:9)
  4 scorpions
  5 wights
  3 howler monkeys
  2 crimson imps
  A hound (D:9)
  A bullfrog skeleton (D:7)
  A centaur skeleton (D:7)
  An iguana (D:9)
  2 orc wizards
  4 worker ants
  6 gnolls
  6 adders
  A shadow imp (D:7)
  An ooze (D:1)
  2 adder zombies
  An adder skeleton (D:7)
  4 worms
  2 dart slugs
  7 leopard geckos
  9 orcs
  A ball python (D:7)
  5 giant cockroaches
  11 goblins
  8 hobgoblins
  11 jackals
  7 bats
  7 frilled lizards
  A giant cockroach zombie (D:6)
  13 kobolds
  8 rats
164 creatures vanquished.

Vanquished Creatures (collateral kills)
  Grinder (D:4)
  Eustachio (D:5)
  Menkaure (D:7)
  An orc warrior (D:6)
  A sky beast (D:6)
  An ice beast (D:5)
  An ogre (D:4)
  A bullfrog (D:9)
  A scorpion (D:5)
  2 crimson imps
  An iguana (D:9)
  Ijyb (D:4)
  5 orc wizards
  4 worker ants
  A worker ant zombie (D:5)
  2 adders
  3 gnolls
  An adder skeleton (D:6)
  An adder zombie (D:9)
  A dart slug (D:4)
  8 orcs
  2 kobolds (D:8)
41 creatures vanquished.

Vanquished Creatures (others)
  An orc wizard (D:6)
1 creature vanquished.

Grand Total: 206 creatures vanquished

Notes
Turn   | Place    | Note
-------+----------+-------------------------------------------
     0 | D:1      | esteth the Gnoll Wizard began the quest for the Orb.
     0 | D:1      | Reached XP level 1. HP: 13/13 MP: 8/8
    91 | D:1      | Reached XP level 2. HP: 19/19 MP: 0/10
   292 | D:1      | Upgraded the game from 0.21-a0-414-gba8bdf1 to 0.21-a0-426-g98080a9
   321 | D:1      | Reached XP level 3. HP: 25/25 MP: 0/11
   676 | D:1      | Learned a level 3 spell: Conjure Flame
   680 | D:1      | Learned a level 3 spell: Mephitic Cloud
   683 | D:1      | Learned a level 2 spell: Call Imp
   686 | D:1      | Learned a level 2 spell: Blink
   779 | D:1      | Reached skill level 1 in Invocations
  1017 | D:2      | Reached skill level 1 in Fighting
  1017 | D:2      | Reached skill level 1 in Short Blades
  1017 | D:2      | Reached skill level 1 in Long Blades
  1017 | D:2      | Reached skill level 1 in Axes
  1017 | D:2      | Reached skill level 1 in Maces & Flails
  1017 | D:2      | Reached skill level 1 in Polearms
  1017 | D:2      | Reached skill level 1 in Staves
  1017 | D:2      | Reached skill level 1 in Slings
  1017 | D:2      | Reached skill level 1 in Bows
  1017 | D:2      | Reached skill level 1 in Crossbows
  1017 | D:2      | Reached skill level 1 in Throwing
  1017 | D:2      | Reached skill level 1 in Armour
  1017 | D:2      | Reached skill level 1 in Shields
  1017 | D:2      | Reached skill level 1 in Unarmed Combat
  1017 | D:2      | Reached skill level 1 in Evocations
  1017 | D:2      | Reached XP level 4. HP: 32/32 MP: 5/13
  1654 | D:2      | Reached skill level 1 in Hexes
  1654 | D:2      | Reached skill level 1 in Charms
  1654 | D:2      | Reached skill level 1 in Necromancy
  1654 | D:2      | Reached skill level 1 in Transmutations
  1654 | D:2      | Reached skill level 1 in Fire Magic
  1654 | D:2      | Reached skill level 1 in Ice Magic
  1654 | D:2      | Reached skill level 1 in Air Magic
  1654 | D:2      | Reached skill level 1 in Earth Magic
  1654 | D:2      | Reached skill level 1 in Poison Magic
  1661 | D:2      | Found a shimmering altar of Xom.
  2021 | D:3      | Reached XP level 5. HP: 37/37 MP: 10/14
  2296 | D:3      | Found a sacrificial altar of Ru.
  2883 | D:4      | Noticed an ogre
  2885 | D:4      | Noticed Grinder
  2924 | D:4      | Killed an ogre
  2938 | D:4      | Paralysed by Grinder for 4 turns
  2945 | D:4      | HP: 1/37 [Grinder/nerve-wracking pain (14)]
  3141 | D:4      | Reached XP level 6. HP: 29/44 MP: 8/16
  3158 | D:4      | Paralysed by Grinder for 5 turns
  3163 | D:4      | Killed Grinder
  3163 | D:4      | Reached skill level 5 in Dodging
  3465 | D:4      | Noticed Blork the orc
  3482 | D:4      | Killed Blork the orc
  3668 | D:4      | Noticed Ijyb
  3676 | D:4      | Killed Ijyb
  3679 | D:4      | Reached XP level 7. HP: 50/50 MP: 6/18
  3821 | D:5      | Entered Level 5 of the Dungeon
  4273 | D:5      | Noticed Eustachio
  4846 | D:5      | Killed Eustachio
  4846 | D:5      | Reached skill level 5 in Stealth
  5487 | D:5      | Found a hazy altar of Hepliaklqana.
  5600 | D:5      | Found a shadowy altar of Dithmenos.
  5855 | D:6      | Found a snail-covered altar of Cheibriados.
  5898 | D:6      | Found a staircase to the Ecumenical Temple.
  5919 | Temple   | Entered the Ecumenical Temple
  6525 | D:6      | Reached XP level 8. HP: 32/57 MP: 17/19
  6774 | D:6      | Found a radiant altar of Vehumet.
  6806 | D:6      | Learned a level 2 spell: Poisonous Vapours
  6875 | D:6      | Became a worshipper of Vehumet
  6937 | D:6      | Found a blossoming altar of Fedhas.
  8040 | D:7      | Reached skill level 8 in Spellcasting
  8234 | D:7      | Noticed Menkaure
  8250 | D:7      | Killed Menkaure
  8598 | D:7      | Reached * piety under Vehumet
  8598 | D:7      | Offered knowledge of Sandblast by Vehumet.
  8749 | D:8      | Noticed Maurice
  8767 | D:8      | Killed Maurice
  8767 | D:8      | Reached XP level 9. HP: 26/64 MP: 3/21
  9473 | D:8      | HP: 2/66 [wyvern (6)]
  9825 | D:8      | HP: 3/66 [crimson imp/wand of flame (?/48) (3)]
 10099 | D:8      | Reached skill level 5 in Invocations
 10125 | D:8      | Noticed a two-headed ogre
 10146 | D:8      | Killed a two-headed ogre
 10146 | D:8      | Reached XP level 10. HP: 48/73 MP: 1/22
 10483 | D:8      | Got a scorched copper ring
 10517 | D:8      | Identified the ring of Nirghet {rC+ rN+ MR+ Int+2} (You found it on level 8 of the Dungeon)
 10549 | D:8      | Found a staircase to the Lair.
 10651 | D:8      | Found a stormy altar of Qazlal.
 10663 | D:8      | Noticed Prince Ribbit
 10671 | D:8      | Killed Prince Ribbit
 10671 | D:8      | Reached skill level 5 in Fighting
 10671 | D:8      | Reached skill level 5 in Short Blades
 10671 | D:8      | Reached skill level 5 in Long Blades
 10671 | D:8      | Reached skill level 5 in Axes
 10671 | D:8      | Reached skill level 5 in Maces & Flails
 10671 | D:8      | Reached skill level 5 in Polearms
 10671 | D:8      | Reached skill level 5 in Staves
 10671 | D:8      | Reached skill level 5 in Slings
 10671 | D:8      | Reached skill level 5 in Bows
 10671 | D:8      | Reached skill level 5 in Crossbows
 10671 | D:8      | Reached skill level 5 in Throwing
 10671 | D:8      | Reached skill level 5 in Armour
 10671 | D:8      | Reached skill level 5 in Shields
 10671 | D:8      | Reached skill level 5 in Unarmed Combat
 10671 | D:8      | Reached skill level 5 in Evocations
 11054 | D:9      | Found a glowing silver altar of Zin.
 11141 | D:9      | Found Etzuhiov's Armour Boutique.
 11160 | D:9      | Bought the +1 leather armour of Ingammad {Int+2} for 218 gold pieces
 11256 | D:9      | Noticed a two-headed ogre
 11273 | D:9      | Killed a two-headed ogre
 11273 | D:9      | Reached skill level 9 in Spellcasting
 11400 | D:9      | Found an iron altar of Okawaru.
 11579 | D:9      | Reached skill level 5 in Conjurations
 11579 | D:9      | Reached skill level 5 in Summonings
 11579 | D:9      | Reached skill level 5 in Translocations
 11593 | D:9      | Found a staircase to the Orcish Mines.
 11769 | D:9      | Noticed an unseen horror
 11787 | D:9      | Killed an unseen horror
 11912 | D:9      | Noticed a brown ugly thing
 11927 | D:9      | Killed a brown ugly thing
 11927 | D:9      | Reached ** piety under Vehumet
 11927 | D:9      | Offered knowledge of Throw Flame by Vehumet.
 12073 | D:9      | Noticed tof's ghost (novice MiBe)
 12439 | D:9      | Noticed a manticore
 12462 | D:9      | Killed a manticore
 12462 | D:9      | Reached XP level 11. HP: 14/81 MP: 3/24
 12548 | D:9      | HP: 2/81 [centaur/spear of venom (5)]
 12551 | D:9      | Succumbed to a centaur's poison

Vault maps used:
D:1:      lightli_arrival_flooded_house
D:2:      lemuel_crystal_altar, first_bread, serial_bayou_pond_e,
          columned_hall_lemuel
D:3:      nicolae_ru_the_path_less_chosen, grunt_decor_arrowhead
D:4:      uniq_blork_the_orc, uniq_ijyb, uniq_grinder
D:5:      old_standard_altar, nicolae_dithmenos_through_a_glass_darkly,
          uniq_eustachio
D:6:      vehumet_altar_wand_db, kennysheep_slug_shrine,
          minmay_temple_entry_statues_fountains, fedhas_altar_1
D:7:      uniq_menkaure
D:8:      nicolae_qazlal_general_emergency, grunt_lair_entry_orc_guard_hut,
          uniq_maurice, uniq_prince_ribbit1
D:9:      minmay_the_grid_triangle_9x9_recursive_2_mashed,
          nicolae_overflow_hidden_temple, kennysheep_mini, orc_0_dummy,
          basic_altar, serial_shops, shop
Temple:   jpeg_temple_island

Skill      XL: |  1  2  3  4  5  6  7  8  9 10 |
---------------+-------------------------------+-----
Conjurations   | 2 3 4 5 |  5.3
Summonings     | 2 3 4 5 |  5.3
Translocations | 2 3 4 5 |  5.3
Invocations    | 1 2 3 4 5 6 |  6.3
Fighting       | 1 2 3 4 5 |  5.7
Short Blades   | 1 2 3 4 5 |  5.7
Long Blades    | 1 2 3 4 5 |  5.7
Axes           | 1 2 3 4 5 |  5.7
Maces & Flails | 1 2 3 4 5 |  5.7
Polearms       | 1 2 3 4 5 |  5.7
Staves         | 1 2 3 4 5 |  5.7
Slings         | 1 2 3 4 5 |  5.7
Bows           | 1 2 3 4 5 |  5.7
Crossbows      | 1 2 3 4 5 |  5.7
Throwing       | 1 2 3 4 5 |  5.7
Armour         | 1 2 3 4 5 |  5.7
Shields        | 1 2 3 4 5 |  5.7
Unarmed Combat | 1 2 3 4 5 |  5.7
Evocations     | 1 2 3 4 5 |  5.7
Hexes          | 1 2 3 4 |  4.7
Charms         | 1 2 3 4 |  4.7
Necromancy     | 1 2 3 4 |  4.7
Transmutations | 1 2 3 4 |  4.7
Fire Magic     | 1 2 3 4 |  4.7
Ice Magic      | 1 2 3 4 |  4.7
Air Magic      | 1 2 3 4 |  4.7
Earth Magic    | 1 2 3 4 |  4.7
Poison Magic   | 1 2 3 4 |  4.7
Dodging        | 5 6 7 |  7.4
Stealth        | 5 6 7 |  7.2
Spellcasting   | 8 9 |  9.2

Action                   |  1- 3 |  4- 6 |  7- 9 | 10-12 || total
-------------------------+-------+-------+-------+-------++-------
Melee: Unarmed           |     3 |       |       |       ||     3
       Club              |    31 |    60 |    47 |       ||   138
       Bite              |     1 |     4 |    10 |    11 ||    26
       Punch             |       |     1 |     1 |       ||     2
       Mace              |       |       |    87 |    90 ||   177
 Cast: Magic Dart        |    60 |   109 |    83 |    19 ||   271
       Call Imp          |     1 |    26 |   102 |    11 ||   140
       Conjure Flame     |     1 |       |     7 |     3 ||    11
       Blink             |       |     1 |     2 |     1 ||     4
       Mephitic Cloud    |       |     1 |       |     1 ||     2
       Poisonous Vapours |       |       |    66 |    81 ||   147
  Use: Potion            |       |     1 |     8 |     5 ||    14
       Scroll            |       |       |     7 |     1 ||     8
 Stab: Sleeping          |     1 |     1 |     2 |       ||     4
       Distracted        |       |       |     1 |       ||     1
  Eat: Chunk             |       |     6 |     7 |     6 ||    19
       Meat ration       |       |     1 |       |       ||     1
       Bread ration      |       |       |     2 |       ||     2
       Royal jelly       |       |       |       |     1 ||     1
Armor: Robe              |     4 |     3 |       |       ||     7
       Leather armour    |       |    15 |    63 |    25 ||   103
       Skin              |       |       |     4 |     3 ||     7
Dodge: Dodged            |    40 |    79 |   281 |   144 ||   544

Table legend:
 A = Spawn XP
 B = Non-spawn XP
 C = Spawn XP percentage of total XP
 D = Spawn monster count
 E = Non-spawn monster count
 F = Spawn count percentage of total count
 G = Total turns spent on level
                    A         B        C        D         E        F      G
               +---------+---------+-------+---------+---------+-------+---------
         Total |       0 |    9643 |   0.0 |       0 |     206 |   0.0 | 12551
               +---------+---------+-------+---------+---------+-------+---------
           D:1 |       0 |      66 |   0.0 |       0 |      35 |   0.0 |   948
           D:2 |       0 |      89 |   0.0 |       0 |      32 |   0.0 |  1067
           D:3 |       0 |      74 |   0.0 |       0 |      12 |   0.0 |  1048
           D:4 |       0 |     459 |   0.0 |       0 |      11 |   0.0 |  1423
           D:5 |       0 |     428 |   0.0 |       0 |      14 |   0.0 |  1696
           D:6 |       0 |     748 |   0.0 |       0 |      25 |   0.0 |  1642
           D:7 |       0 |     568 |   0.0 |       0 |      19 |   0.0 |   887
           D:8 |       0 |    3437 |   0.0 |       0 |      30 |   0.0 |  2419
           D:9 |       0 |    3774 |   0.0 |       0 |      28 |   0.0 |  1238
               +---------+---------+-------+---------+---------+-------+---------
